 Dungeon Crawl Stone Soup version 0.31-a0-986-g5e6e4ef867 (webtiles) character file.

Game seed: 16970433207497946006

553 FakeRyeBread the Ruffian (level 7, -8/68 HPs)
             Began as a Troll Fighter on Nov 9, 2023.
             Was an Initiate of Wu Jian.
             Mangled by Pikel
             ... wielding a +0 whip of electrocution
              (19 damage)
             ... on level 4 of the Dungeon.
             The game lasted 00:10:21 (3333 turns).

FakeRyeBread the Ruffian (Troll Fighter)            Turns: 3333, Time: 00:10:23

Health: -8/68      AC:  4    Str: 25    XL:     7   Next: 8%
Magic:  6/6        EV:  9    Int:  6    God:    Wu Jian [......]
Gold:   239        SH:  9    Dex:  9    Spells: 6/6 levels left

rFire   . .          .
                       - Unarmed
rCold   . . .        b - +1 kite shield
rNeg    . . .        a - +0 robe
rPois   .            (helmet restricted)
rElec   .            j - scarf {shadows}
rCorr   .            (gloves unavailable)
SInv    .            (boots unavailable)
Will    .....        f - amulet of regeneration
Stlth   +            (no ring)
HPRegen 1.91/turn    (no ring)
MPRegen 0.10/turn

%: no passive effects
@: no status effects
A: large, unfitting armour, claws 3, regeneration 1, shaggy fur 1, tough skin 1
a: Renounce Religion


You were on level 4 of the Dungeon.
You worshipped Wu Jian.
Wu Jian was noncommittal.
You visited 2 branches of the dungeon, and saw 6 of its levels.

You collected 239 gold pieces.

Inventory:

Missiles
 d - a throwing net
 l - 4 boomerangs (quivered)
 p - 7 stones
 r - 10 poisoned darts
Armour
 a - a +0 robe (worn)
 b - a +1 kite shield (worn)
 j - a scarf of shadows (worn)
Jewellery
 f - an amulet of regeneration (around neck)
Wands
 q - a wand of roots (13)
Potions
 c - a potion of might
 g - 2 potions of degeneration
 h - a potion of curing
 i - a potion of resistance
 k - 2 potions of cancellation
 m - 2 potions of heal wounds
 n - a potion of invisibility
 o - a potion of brilliance


   Skills:
 + Level 3.9 Fighting
 - Level 2.4 Dodging
 + Level 4.3 Shields
 * Level 5.6 Unarmed Combat


You had 6 spell levels left.
You didn't know any spells.
Your spell library contained the following spells:

 Spells                   Type           Power      Damage    Failure   Level
 Wereblood                Tmut           0%         N/A       83%         2
 Irradiate                Conj/Tmut      0%         3d11      100%        5


Dungeon Overview and Level Annotations

Branches:
Dungeon (5/15)             Temple (1/1) D:4

Altars:
Cheibriados
Dithmenos
Fedhas
Gozag
Hepliaklqana
Kikubaaqudgha
Nemelex Xobeh
Okawaru
Ru
Sif Muna
Uskayaw
Vehumet
Wu Jian

Annotations:
D:4 Pikel


Innate Abilities, Weirdness & Mutations

You are too large for most types of armour.
You have claws for hands.
Your natural rate of healing is unusually fast.
You are covered in fur. (AC +1)
You have tough skin. (AC +1)


Message History

Pikel barely misses you. The lemure hits you but does no damage.
You scratch Pikel but do no damage.
Pikel is lightly wounded.
Pikel hits you with a +0 whip of electrocution.
The lemure hits you.
You claw Pikel!
Pikel is moderately wounded.
Pikel hits you with a +0 whip of electrocution!
You are electrocuted!!
You block the lemure's attack.
You claw Pikel!
Pikel is severely wounded.
Pikel hits you with a +0 whip of electrocution!
The orc wizard casts a spell.
The orc wizard flickers and vanishes!
Deactivating autopickup; reactivate with Ctrl-A.
You block the lemure's attack.
You feel much better.
Pikel hits you with a +0 whip of electrocution.
You are electrocuted!
The lemure hits you but does no damage.
You scratch Pikel.
Pikel is severely wounded.
Pikel completely misses you. You block the lemure's attack.
You scratch Pikel but do no damage.
Pikel is severely wounded.
Pikel hits you with a +0 whip of electrocution!
The lemure hits you.
You closely miss Pikel.
Pikel is severely wounded.
Pikel completely misses you. You block the lemure's attack.
You barely miss Pikel.
Pikel is severely wounded.
Pikel closely misses you. The lemure hits you!
* * * LOW HITPOINT WARNING * * *
You scratch Pikel.
Pikel is almost dead.
Pikel hits you with a +0 whip of electrocution!
* * * LOW HITPOINT WARNING * * *
You are electrocuted!!
You die...
Pikel says, "See you in Hell!"

####### ###.....#
#.....#.# #..)..#.#
######..⌠....##
#...........{5#
#.####.....##K#########
#.###########@5.......#
##........# #########.#
# #......##.# #.#
###...##.##.# ##.##
............# ####...#
###...##.#..####
#......#
###...##.>.....#
#>##...#
............##.#
#.######
####.#####..##.# #.#


You could see Pikel and 2 lemures.

Vanquished Creatures
  Grinder (D:3)
  A lemure (D:4)
  A hound (D:2)
  2 jellies (D:4)
  Jessica (D:3)
  2 iguanas (D:4)
  Terence (D:3)
  An orc wizard (D:3)
  Robin (D:3)
  5 adders
  A worm (D:2)
  2 dart slugs
  13 orcs
  7 ball pythons
  An endoplasm (D:4)
  A giant cockroach (D:4)
  12 goblins
  7 hobgoblins
  9 kobolds
  A quokka (D:1)
  2 bats (D:1)
  3 frilled lizards
  9 rats
84 creatures vanquished.

Notes
Turn   | Place    | Note
-------+----------+-------------------------------------------
     0 | D:1      | FakeRyeBread the Troll Fighter began the quest for the Orb.
     0 | D:1      | Reached XP level 1. HP: 22/22 MP: 0/0
   355 | D:1      | Reached XP level 2. HP: 29/29 MP: 1/1
   496 | D:1      | Found a faded altar of an unknown god.
   539 | D:2      | Reached skill level 3 in Unarmed Combat
   539 | D:2      | Reached XP level 3. HP: 36/36 MP: 2/2
  1225 | D:3      | Noticed Terence
  1240 | D:3      | Reached XP level 4. HP: 44/44 MP: 3/3
  1243 | D:3      | Killed Terence
  1262 | D:3      | Noticed Grinder
  1286 | D:3      | Killed Grinder
  1287 | D:3      | Reached skill level 4 in Unarmed Combat
  1287 | D:3      | Reached XP level 5. HP: 32/53 MP: 4/4
  1287 | D:3      | Reached XP level 6. HP: 37/61 MP: 5/5
  1384 | D:3      | Noticed Jessica
  1390 | D:3      | Killed Jessica
  1448 | D:3      | Reached skill level 5 in Unarmed Combat
  1708 | D:3      | Found a blossoming altar of Fedhas.
  1977 | D:3      | Noticed Robin
  2015 | D:3      | Killed Robin
  2778 | D:4      | Reached XP level 7. HP: 66/68 MP: 6/6
  2814 | D:4      | Found a staircase to the Ecumenical Temple.
  2927 | Temple   | Entered the Ecumenical Temple
  2979 | Temple   | Became a worshipper of the Wu Jian Council
  3182 | D:4      | Found a hazy altar of Hepliaklqana.
  3300 | D:5      | Entered Level 5 of the Dungeon
  3301 | D:5      | Noticed Pikel
  3333 | D:4      | Mangled by Pikel

Illustrated notes

Levels and vault maps discovered:
D:1:      erik_arrival_blinker_ship, layout_basic,
          shapermc_ecumenical_altar_hornbeckon
D:2:      layout_loops_ring
D:3:      layout_basic, lemuel_round_altar, kennysheep_decorative_pillar,
          uniq_jessica, uniq_robin, uniq_terence, uniq_grinder
D:4:      layout_loops_ring, nicolae_overflow_hidden_temple,
          minmay_temple_entry_trees, dreamdust_wishing_well,
          corexii_hall_statues_i
D:5:      layout_rooms, marbit_many_paths, serial_shops,
          nicolae_take_the_stairs, uniq_pikel
Temple:   nicolae_temple_bog_church

Skill      XL: |  1  2  3  4  5  6 |
---------------+-------------------+-----
Shields        | 3 4 |  4.3
Unarmed Combat | 3 4 5 |  5.6
Fighting       | 3 |  3.9
Dodging        | |  2.4

Action                     |  1- 3 |  4- 6 |  7- 9 || total
---------------------------+-------+-------+-------++-------
  Melee: Unarmed           |    58 |   165 |    27 ||   250
  Throw: Boomerang         |       |       |     3 ||     3
    Use: Scroll            |     3 |     6 |     3 ||    12
         Potion            |       |       |     1 ||     1
   Stab: Sleeping          |     1 |     1 |       ||     2
 Armour: Robe              |    25 |    81 |    28 ||   134
  Dodge: Dodged            |    15 |    52 |     9 ||    76
  Block: Kite shield       |    18 |    50 |    16 ||    84

Table legend: (Time is in decaauts)
 A = Elapsed time spent in this place.
 B = Non-inter-level travel time spent in this place.
 C = Inter-level travel time spent in this place.
 D = Time resting spent in this place.
 E = Time spent auto-exploring this place.
 F = Levels seen in this place.
 G = Mean time per level.
                   A        B        C        D        E       F      G
               +--------+--------+--------+--------+--------+-----+--------+
         Total |   3343 |   2978 |    365 |     60 |   2346 |   6 |  557.2 |
       Dungeon |   3272 |   2974 |    298 |     60 |   2346 |   5 |  654.4 |
        Temple |     70 |      3 |     67 |      0 |      0 |   1 |   70.0 |
               +--------+--------+--------+--------+--------+-----+--------+

Top non-repeatable levels by time:
     D:3: 1124 daAuts
     D:4: 910 daAuts
     D:2: 689 daAuts
     D:1: 534 daAuts
  Temple: 70 daAuts
     D:5: 11 daAuts
